 Dungeon Sprint DCSS version 0.29.1-15-g9cfb28693d (webtiles) character file.

Game seed: 2183554571745541711

8161 Groucho the Covert (level 11, -7/47 HPs)
             Began as a Spriggan Earth Elementalist on Mar 30, 2023.
             Was a High Priest of Dithmenos.
             Mangled by a spriggan druid
             ... wielding a +0 quarterstaff
              (17 damage)
             ... in the Dungeon (Sprint III: "The Ten Rune Challenge").
             The game lasted 00:16:06 (3739 turns).

Groucho the Covert (Spriggan Earth Elementalist)    Turns: 3739, Time: 00:16:06

Health: -7/47      AC:  2    Str:  8    XL:     11   Next: 6%
Magic:  8/27       EV: 25    Int: 17    God:    Dithmenos [*****.]
Gold:   57         SH:  0    Dex: 16    Spells: 27/33 levels left

rFire   . . .      SeeInvis +   n - +0 dagger (pain)
rCold   . . .      Faith    .   (no shield)
rNeg    . . .      Spirit   .   a - +0 robe
rPois   .          Reflect  .   (helmet restricted)
rElec   .          Harm     .   (no cloak)
rCorr   .          Rampage  .   (gloves unavailable)
Will    +....      NoTele   +   (boots unavailable)
Stlth   ++++++++++              (no amulet)
HPRegen 0.95/turn               (no ring)
MPRegen 0.20/turn               (no ring)

@: wreathed by umbra, very quick
A: very small, no large weapons, unfitting armour, see invisible, speed 3, horns
1, regeneration 1
a: Renounce Religion, Shadow Step, Shadow Form


You were in the Dungeon.
You worshipped Dithmenos.
Dithmenos was extremely pleased with you.
You visited 1 branch You collected 57 gold pieces.

Inventory:

Hand Weapons
 n - a +0 dagger of pain (weapon)
Armour
 a - a +0 robe (worn)
 h - a +2 robe of the Archmagi
Scrolls
 g - a scroll of blinking
 j - 2 scrolls of poison {unknown}
 k - 4 scrolls of identify
Potions
 b - 3 potions of magic
 c - a potion of curing
 e - a potion of haste
 f - 2 potions of berserk rage
 i - a potion of might
 l - a potion of cancellation {unknown}
 m - 2 potions of flight {unknown}


   Skills:
 + Level 6.7 Short Blades
 + Level 12.2 Dodging
 + Level 14.9 Stealth
 + Level 11.8 Spellcasting
 + Level 6.9 Conjurations
 + Level 5.5 Necromancy
 - Level 1.3 Transmutations
 + Level 5.6 Air Magic
 + Level 11.5 Earth Magic
 + Level 6.1 Poison Magic
 * Level 10.2 Invocations


You had 27 spell levels left.
You knew the following spells:

 Your Spells              Type           Power      Damage    Failure   Level
a - Sandblast             Erth           98%        2d20      1%          1
b - Stone Arrow           Conj/Erth      82%        3d12      1%          3
c - Poisonous Vapours     Pois/Air       60%        N/A       1%          2

Your spell library contained the following spells:

 Spells                   Type           Power      Damage    Failure   Level
 Passwall                 Tmut/Erth      25%        N/A       1%          2
 Petrify                  Tmut/Erth      31%        N/A       4%          4
 Corpse Rot               Necr/Pois/Air  29%        N/A       7%          4


Dungeon Overview and Level Annotations

Branches:
Dungeon (1/1)

Altars:
Cheibriados
Dithmenos
Elyvilon
Fedhas
Kikubaaqudgha
Makhleb
Okawaru
Qazlal
Ru
Sif Muna
Trog
Uskayaw
Vehumet
Wu Jian
Xom
Yredelemnul
Zin
The Shining One


Innate Abilities, Weirdness & Mutations

You are very small and have problems with some larger weapons.
You are too small for most types of armour.
You have supernaturally acute eyesight. (SInv)
You cover ground extremely quickly. (Speed+++)
You have a pair of small horns on your head.
Your natural rate of healing is unusually fast.


Message History

Aim: a killer bee (umbra, 69% to hit)
The blast of sand hits the killer bee!
The killer bee is almost dead.
The killer bee completely misses you. x2; The spriggan druid misses you.
The killer bee completely misses you.
The spriggan druid gestures at you while chanting.
The stone arrow hits you!!
Ouch! That really hurt!
You emit a cloud of dark smoke.
Unknown command.
Casting: Sandblast (safe; 1% risk of failure)
Confirm with . or Enter, or press ? or * to list all spells.
Aiming: Sandblast (safe; 1% risk of failure)
Press: ? - help, Shift-Dir - straight line, f/p - killer bee
Aim: a killer bee (black smoke, almost dead, umbra, 69% to hit)
The blast of sand misses the killer bee.
The killer bee completely misses you. The killer bee misses you.
The spriggan druid misses you. The killer bee closely misses you.
Unknown command.
Unknown command.
Casting: Sandblast (safe; 1% risk of failure)
Confirm with . or Enter, or press ? or * to list all spells.
Aiming: Stone Arrow (safe; 1% risk of failure)
Press: ? - help, Shift-Dir - straight line, p - killer bee
Okay, then.
Okay, then.
You feel better. The killer bee closely misses you.
The spriggan druid closely misses you. The killer bee misses you.
Casting: Stone Arrow (safe; 1% risk of failure)
Confirm with . or Enter, or press ? or * to list all spells.
Aiming: Sandblast (safe; 1% risk of failure)
Press: ? - help, Shift-Dir - straight line, f/p - killer bee
Aim: a killer bee (black smoke, almost dead, umbra, 69% to hit)
The blast of sand hits the killer bee!!
You kill the killer bee!
Dithmenos accepts your kill.
The spriggan druid hits you with a +0 quarterstaff!!
* * * LOW HITPOINT WARNING * * *
The spriggan druid hits you with a +0 quarterstaff!
You die...

♣♣~~~........~~~...##.#
+♣♣'♣≈≈≈≈≈≈≈≈≈≈≈≈♣♣P.'.#.
#†~♣♣♣♣♣♣♣♣♣♣♣♣♣♣♣♣PP##.#
#.†♣♣ ♣♣♣##+#
###'♣♣♣♣♣♣♣♣♣♣♣♣♣♣♣
♣♣♣♣.##..##~~~~~≈..#
♣...##.##.#~~~~≈..÷#
♣♣.##÷##§##'~~~≈≈####+
♣..#.##§@i#~§§...°°°°
♣♣.##§##§§#≈..'######
♣♣.##§#####...#.i.i.i
♣.....##......# ♣♣._.
########+###### #


You could see a spriggan druid.

Vanquished Creatures
  Snorg (D)
  2 hydras (D)
  A centaur warrior (D)
  Urug (D)
  A death drake (D)
  A deep elf pyromancer (D)
  A lindwurm (D)
  2 cane toads (D)
  A komodo dragon (D)
  An unseen horror (D)
  3 wandering mushrooms (D)
  2 tyrant leeches (D)
  A shadow (D)
  A spriggan (D)
  3 redbacks (D)
  A spatial vortex (D)
  2 centaurs (D)
  An earth elemental (D)
  A necrophage (D)
  A scorpion (D)
  A water elemental (D)
  A killer bee (D)
  An electric eel (D)
  A jelly (D)
  Jessica (D)
  A wizard (D)
  A necromancer (D)
  A kobold demonologist (D)
  3 humans (D)
  An endoplasm (D)
  2 rats (D)
42 creatures vanquished.

Notes
Turn   | Place    | Note
-------+----------+-------------------------------------------
     0 | D        | Groucho the Spriggan Earth Elementalist began the quest for
                  | the Orb.
     0 | D        | Reached XP level 1. HP: 9/9 MP: 5/5
   107 | D        | Noticed Jessica
   118 | D        | Killed Jessica
   119 | D        | Reached skill level 5 in Stealth
   119 | D        | Reached XP level 2. HP: 13/13 MP: 0/8
   119 | D        | Reached XP level 3. HP: 16/16 MP: 0/9
   501 | D        | Reached skill level 5 in Earth Magic
   565 | D        | Noticed a scorpion
   629 | D        | Killed a scorpion
   630 | D        | Reached skill level 6 in Stealth
   630 | D        | Reached skill level 5 in Spellcasting
   630 | D        | Reached skill level 1 in Conjurations
   630 | D        | Reached XP level 4. HP: 21/21 MP: 8/12
   905 | D        | Learned a level 3 spell: Stone Arrow
   934 | D        | Gained mutation: You are agile. (Dex +4, Str/Int -1)
                  | [potion of mutation]
   935 | D        | Lost mutation: You are agile. (Dex +4, Str/Int -1) [potion
                  | of mutation]
   935 | D        | Gained mutation: You occasionally lose the ability to read
                  | scrolls when taking damage. [potion of mutation]
   935 | D        | Gained mutation: Your flesh is cold resistant. (rC+)
                  | [potion of mutation]
   936 | D        | Lost mutation: You occasionally lose the ability to read
                  | scrolls when taking damage. [potion of mutation]
   936 | D        | Lost mutation: Your flesh is cold resistant. (rC+) [potion
                  | of mutation]
   936 | D        | Gained mutation: Your spells are a little easier to cast,
                  | but a little less powerful. [potion of mutation]
   936 | D        | Gained mutation: You are covered in fur. (AC +1) [potion of
                  | mutation]
   937 | D        | Lost mutation: Your spells are a little easier to cast, but
                  | a little less powerful. [potion of mutation]
   937 | D        | Lost mutation: You are covered in fur. (AC +1) [potion of
                  | mutation]
   937 | D        | Gained mutation: You have hidden genetic potential. [potion
                  | of mutation]
   937 | D        | Gained mutation: You have a pair of small horns on your
                  | head. [potion of mutation]
   937 | D        | Lost mutation: You have hidden genetic potential. [potion
                  | of mutation]
   937 | D        | Gained mutation: Your natural rate of healing is unusually
                  | fast. [potion of mutation]
   959 | D        | Noticed a water elemental
   991 | D        | Killed a water elemental
   992 | D        | Reached skill level 5 in Dodging
   992 | D        | Reached skill level 7 in Stealth
   992 | D        | Reached XP level 5. HP: 24/24 MP: 8/14
  1048 | D        | Found a shadowy altar of Dithmenos.
  1052 | D        | Reached skill level 8 in Stealth
  1053 | D        | Found a basalt altar of Yredelemnul.
  1053 | D        | Found a sacrificial altar of Ru.
  1057 | D        | Became a worshipper of Dithmenos the Shadowed
  1249 | D        | Found a radiant altar of Vehumet.
  1254 | D        | Found a shimmering blue altar of Sif Muna.
  1262 | D        | Reached skill level 9 in Stealth
  1262 | D        | Reached skill level 1 in Invocations
  1262 | D        | Reached XP level 6. HP: 28/28 MP: 10/16
  1262 | D        | Found an ancient bone altar of Kikubaaqudgha.
  1276 | D        | Learned a level 2 spell: Poisonous Vapours
  1455 | D        | Found a hide-covered altar of Uskayaw.
  1455 | D        | Found an iron altar of Okawaru.
  1457 | D        | Found a bloodstained altar of Trog.
  1458 | D        | Found an ornate altar of the Wu Jian Council.
  1458 | D        | Noticed a human
  1460 | D        | Noticed a human
  1484 | D        | Killed a human
  1484 | D        | Reached * piety under Dithmenos
  1487 | D        | Killed a human
  1488 | D        | Reached skill level 10 in Stealth
  1488 | D        | Reached XP level 7. HP: 32/32 MP: 12/19
  1511 | D        | Found a glowing silver altar of Zin.
  1514 | D        | Found a glowing golden altar of the Shining One.
  1515 | D        | Found a white marble altar of Elyvilon.
  1516 | D        | Noticed a deep elf pyromancer
  1521 | D        | Killed a deep elf pyromancer
  1522 | D        | Reached skill level 11 in Stealth
  1522 | D        | Reached XP level 8. HP: 20/36 MP: 9/21
  1655 | D        | Reached ** piety under Dithmenos
  1656 | D        | Reached skill level 5 in Conjurations
  1878 | D        | Reached skill level 10 in Earth Magic
  1878 | D        | Reached skill level 5 in Invocations
  1881 | D        | Found a blossoming altar of Fedhas.
  1881 | D        | Found a stormy altar of Qazlal.
  1883 | D        | Found a snail-covered altar of Cheibriados.
  1883 | D        | Found a burning altar of Makhleb.
  1883 | D        | Found a shimmering altar of Xom.
  1886 | D        | Reached skill level 1 in Short Blades
  2053 | D        | Noticed Snorg
  2151 | D        | Killed Snorg
  2152 | D        | Reached skill level 10 in Dodging
  2152 | D        | Reached skill level 12 in Stealth
  2152 | D        | Reached XP level 9. HP: 39/39 MP: 0/23
  2299 | D        | Reached *** piety under Dithmenos
  2499 | D        | Noticed a centaur warrior
  2512 | D        | Killed a centaur warrior
  2513 | D        | Reached skill level 13 in Stealth
  2513 | D        | Reached skill level 10 in Spellcasting
  2848 | D        | Noticed an unseen horror
  2849 | D        | Killed an unseen horror
  2858 | D        | Noticed a wandering mushroom
  2864 | D        | Killed a wandering mushroom
  2864 | D        | Reached **** piety under Dithmenos
  2865 | D        | Noticed a wandering mushroom
  2867 | D        | Noticed a wandering mushroom
  2871 | D        | Killed a wandering mushroom
  2876 | D        | Killed a wandering mushroom
  3146 | D        | Noticed a cane toad
  3146 | D        | Noticed a komodo dragon
  3146 | D        | Noticed a cane toad
  3149 | D        | Killed a cane toad
  3150 | D        | Reached XP level 10. HP: 44/44 MP: 25/25
  3150 | D        | Killed a cane toad
  3150 | D        | Reached ***** piety under Dithmenos
  3151 | D        | Reached skill level 5 in Short Blades
  3164 | D        | Reached skill level 14 in Stealth
  3347 | D        | Noticed a lindwurm
  3355 | D        | Killed a lindwurm
  3356 | D        | Reached skill level 5 in Poison Magic
  3366 | D        | Noticed Urug
  3387 | D        | Killed Urug
  3388 | D        | Reached skill level 5 in Necromancy
  3388 | D        | Reached skill level 5 in Air Magic
  3391 | D        | Noticed a four-headed hydra
  3391 | D        | Noticed an eight-headed hydra
  3410 | D        | Killed a four-headed hydra
  3419 | D        | Killed an eight-headed hydra
  3420 | D        | Reached skill level 10 in Invocations
  3638 | D        | Noticed a death drake
  3690 | D        | Killed a death drake
  3691 | D        | Reached XP level 11. HP: 23/47 MP: 21/27
  3694 | D        | Found a blossoming altar of Fedhas.
  3694 | D        | Noticed a spriggan druid
  3739 | D        | Mangled by a spriggan druid

Illustrated notes

Levels and vault maps discovered:
D:        dungeon_sprint_mu [sprint_mu_entry_forest, sprint_mu_temple_rooms,
          sprint_mu_d1_horrors, sprint_mu_d2_genie, sprint_mu_d3_branching,
          sprint_mu_orc_legion, sprint_mu_elf_gauntlet, sprint_mu_hive_nellie,
          sprint_mu_lair_fedhas, sprint_mu_vaults_butterflies,
          sprint_mu_slime_circle, sprint_mu_swamp_cave, sprint_mu_snake_twists,
          sprint_mu_blade_basic, sprint_mu_crypt_lich, sprint_mu_tomb_spiral,
          sprint_mu_vestibule_basic, sprint_mu_gehenna_hellfire,
          sprint_mu_dis_giant, sprint_mu_tartarus_statrot,
          sprint_mu_cocytus_islands, sprint_mu_zot1]

Skill      XL: |  1  2  3  4  5  6  7  8  9 10 |
---------------+-------------------------------+-----
Spellcasting   | 4 5 6 7 8 9 10 11 | 11.8
Earth Magic    | 4 5 6 7 8 9 10 11 | 11.5
Stealth        | 5 6 7 9 10 11 12 13 14 | 14.9
Dodging        | 4 5 6 7 8 10 11 12 | 12.2
Conjurations   | 1 2 3 4 5 6 |  6.9
Invocations    | 1 3 4 6 8 10 | 10.2
Short Blades   | 2 4 6 |  6.7
Necromancy     | 2 4 5 |  5.5
Air Magic      | 2 4 5 |  5.6
Poison Magic   | 2 4 6 |  6.1
Transmutations | |  1.3

Action                   |  1- 3 |  4- 6 |  7- 9 | 10-12 || total
-------------------------+-------+-------+-------+-------++-------
Melee: Dagger            |       |       |     3 |    82 ||    85
       Headbutt          |       |       |       |     9 ||     9
 Cast: Sandblast         |    23 |    24 |    16 |     3 ||    66
       Stone Arrow       |       |       |    30 |    14 ||    44
       Poisonous Vapours |       |       |     2 |       ||     2
Invok: Shadow Form       |       |       |       |     2 ||     2
       Shadow Step       |       |       |       |     1 ||     1
  Use: Potion            |       |     4 |     2 |     2 ||     8
 Stab: Sleeping          |       |       |     3 |     7 ||    10
       Invisible         |       |       |       |     6 ||     6
Armor: Robe              |       |       |     1 |       ||     1
Dodge: Dodged            |     4 |     4 |    13 |    67 ||    88
